 Dungeon Crawl Stone Soup version 0.26-a0-752-gcff87cac9a (webtiles) character file.

Game seed: 9263865725063020812

573 spacewizard the Chopper (level 7, -7/61 HPs)
             Began as a Hill Orc Monk on Nov 3, 2020.
             Was a Believer of Beogh.
             Mangled by Gargoyl's ghost (11 damage)
             ... on level 5 of the Dungeon on Nov 6, 2020.
             The game lasted 00:53:28 (4566 turns).

spacewizard the Chopper (Hill Orc Monk)             Turns: 4566, Time: 00:53:29

Health: -7/61      AC:  6    Str: 16    XL:     7   Next: 34%
Magic:  7/7        EV: 12    Int: 10    God:    Beogh [**....]
Gold:   190        SH:  0    Dex: 13    Spells: 6/6 levels left

rFire    . . .     SeeInvis .   y - +4 mace
rCold    . . .     Faith    .   (no shield)
rNeg     + . .     Spirit   .   e - +0 ring mail
rPois    .         Reflect  .   w - +0 helmet
rElec    .         Harm     .   (no cloak)
rCorr    .         Rampage  .   (no gloves)
MR       .....                  (no boots)
Stlth    +.........             r - amulet of regeneration
HPRegen  0.60/turn              i - ring of positive energy
MPRegen  0.10/turn              (no ring)

@: hasted, very quick
A: no striking features
a: Smiting, Renounce Religion


You were on level 5 of the Dungeon.
You worshipped Beogh.
Beogh was pleased with you.
You visited 2 branches of the dungeon, and saw 6 of its levels.

You collected 190 gold pieces.

Inventory:

Hand Weapons
 a - a +0 hand axe
 v - a +0 hunting sling
 y - a +4 mace (weapon)
 F - a +1 whip of draining
Missiles
 c - 167 stones (quivered)
 d - 6 javelins
 f - 40 bolts
 h - 4 boomerangs
 k - 21 sling bullets
 p - 44 arrows
Armour
 b - a +0 robe
 e - a +0 ring mail (worn)
 w - a +0 helmet (worn)
Jewellery
 i - a ring of positive energy (left hand)
 n - an uncursed amulet of faith
 r - an amulet of regeneration (around neck)
Wands
 x - a wand of polymorph (6)
 E - a wand of flame (19)
Scrolls
 l - a scroll of remove curse
 m - a scroll of magic mapping {unknown}
 q - 4 scrolls of teleportation {unknown}
 t - a scroll of identify {unknown}
 u - a scroll of fog {unknown}
 A - 3 scrolls of amnesia {unknown}
 D - 2 scrolls of enchant armour {unknown}
 G - a scroll of immolation
Potions
 g - a potion of haste
 j - a potion of attraction {unknown}
 o - a potion of magic {unknown}
 s - a potion of heal wounds {unknown}
 z - a potion of lignification {unknown}
 B - 2 potions of curing {unknown}
 C - 2 potions of flight {unknown}


   Skills:
 + Level 5.3 Fighting
 + Level 5.3(6.5) Axes
 + Level 4.7(5.5) Maces & Flails
 + Level 2.8 Armour
 + Level 3.4 Dodging
 + Level 1.9 Stealth
 + Level 0.3 Invocations


You had 6 spell levels left.
You didn't know any spells.
Your spell library was empty.

Dungeon Overview and Level Annotations

Branches:
Dungeon (5/15)             Temple (1/1) D:5

Altars:
Cheibriados
Dithmenos
Elyvilon
Fedhas
Gozag
Kikubaaqudgha
Makhleb
Nemelex Xobeh
Okawaru
Qazlal
Ru
Sif Muna
Trog
Xom
Yredelemnul
Zin
The Shining One

Shops:
D:4 (

Annotations:
D:5 Gargoyl's ghost, novice GnAK


Message History

You open the door. You closely miss Gargoyl's ghost.
Gargoyl's ghost barely misses you.
You barely miss Gargoyl's ghost. Gargoyl's ghost closely misses you.
You closely miss Gargoyl's ghost. Gargoyl's ghost closely misses you.
You barely miss Gargoyl's ghost. Gargoyl's ghost barely misses you.
Gargoyl's ghost hits you but does no damage.
You are electrocuted!
You closely miss Gargoyl's ghost. Gargoyl's ghost barely misses you.
You barely miss Gargoyl's ghost. Gargoyl's ghost hits you!
You hit Gargoyl's ghost but do no damage.
Gargoyl's ghost hits you!
You hit Gargoyl's ghost but do no damage.
Gargoyl's ghost hits you!
* * * LOW HITPOINT WARNING * * *
You are electrocuted!
* * * LOW HITPOINT WARNING * * *
It was a potion of haste.
You feel yourself speed up.
Gargoyl's ghost hits you but does no damage.
You are electrocuted!
You die...

#.# ##### #.####.
#.# ##'## #. #†#
##...###. #.####
##.....##. #.##.####
#.......#.
#.......##..........
###......+..........
§§#...#.##..........
§OW@....###.......##
§§#.##### ##.....##
##### ........
..##+##


You could see an ogre and Gargoyl's ghost.

Vanquished Creatures
  A sky beast (D:5)
  An ice beast (D:5)
  An ogre (D:4)
  A centaur (D:5)
  A hound (D:4)
  A centaur skeleton (D:4)
  2 worker ants
  2 adders
  An ufetubus (D:5)
  An ooze (D:4)
  An adder zombie (D:5)
  2 adder skeletons
  A worm (D:2)
  3 leopard geckos
  An orc (D:4)
  7 giant cockroaches
  9 goblins
  13 hobgoblins
  2 jackals (D:1)
  4 quokkas
  2 ball pythons
  A ball python zombie (D:5)
  3 bats
  11 frilled lizards
  3 kobolds
  2 leopard gecko skeletons (D:5)
  A quokka skeleton (D:4)
  7 rats
85 creatures vanquished.

Vanquished Creatures (others)
  2 orcs (D:3)
  A kobold (D:3)
  A plant (D:4)
4 creatures vanquished.

Grand Total: 89 creatures vanquished

Notes
Turn   | Place    | Note
-------+----------+-------------------------------------------
     0 | D:1      | spacewizard the Hill Orc Monk began the quest for the Orb.
     0 | D:1      | Reached XP level 1. HP: 19/19 MP: 1/1
     0 | D:1      | Upgraded the game from 0.26-a0-720-g2a1d101370 to
                  | 0.26-a0-752-gcff87cac9a
   123 | D:1      | Reached XP level 2. HP: 12/27 MP: 2/2
   483 | D:1      | Reached XP level 3. HP: 32/33 MP: 3/3
  1531 | D:2      | Reached XP level 4. HP: 41/41 MP: 4/4
  1948 | D:3      | Became a worshipper of Beogh the Brigand
  1948 | D:3      | Reached * piety under Beogh
  1948 | D:3      | Reached ** piety under Beogh
  1958 | D:3      | Found a sparkling altar of Nemelex Xobeh.
  2375 | D:4      | Reached skill level 5 in Axes
  2472 | D:4      | Noticed an ogre
  2482 | D:4      | Killed an ogre
  2482 | D:4      | Reached skill level 1 in Maces & Flails
  2482 | D:4      | Reached skill level 1 in Armour
  2482 | D:4      | Reached XP level 5. HP: 13/47 MP: 5/5
  2703 | D:4      | Reached XP level 6. HP: 55/55 MP: 6/6
  2715 | D:4      | Found Guijopru's Weapon Shoppe.
  2819 | D:4      | Found a white marble altar of Elyvilon.
  3125 | D:4      | Reached skill level 5 in Fighting
  3545 | D:5      | Entered Level 5 of the Dungeon
  3567 | D:5      | Found a blossoming altar of Fedhas.
  3978 | D:5      | Found a staircase to the Ecumenical Temple.
  3984 | Temple   | Entered the Ecumenical Temple
  4221 | D:5      | Noticed an ice beast
  4222 | D:5      | Noticed a sky beast
  4233 | D:5      | Killed an ice beast
  4233 | D:5      | Reached XP level 7. HP: 42/61 MP: 7/7
  4552 | D:5      | Found a runed translucent door.
  4552 | D:5      | Noticed Gargoyl's ghost (novice GnAK)
  4565 | D:5      | HP: 3/61 [Gargoyl's ghost (15)]
  4566 | D:5      | Mangled by Gargoyl's ghost

Illustrated notes

Levels and vault maps discovered:
D:1:      minmay_arrival_hallway, layout_basic, hex_medium, minmay_unequal
D:2:      layout_loops_ring
D:3:      layout_rooms, grunt_decor_arrowhead, nemelex_diamond_rough_becter
D:4:      layout_layer_cave, elyvilon_altar_5, serial_shops, shop,
          serial_bayou_pond_e
D:5:      layout_loops_corners, fedhas_ov_isle_minmay,
          minmay_temple_entry_statues, ebering_ghost_inner_flame
Temple:   regret_index_temple_waves

Skill      XL: |  1  2  3  4  5  6 |
---------------+-------------------+-----
Fighting       | 4 5 |  5.3
Dodging        | 3 |  3.4
Axes           | 5 |  5.3
Maces & Flails | 1 2 4 |  4.7
Armour         | 1 2 |  2.8
Stealth        | |  1.9
Invocations    | |  0.3

Action                   |  1- 3 |  4- 6 |  7- 9 || total
-------------------------+-------+-------+-------++-------
Melee: Hand axe          |   132 |    12 |       ||   144
       Mace              |       |    95 |    32 ||   127
Throw: Stone             |     1 |       |       ||     1
Invok: Convert to Beogh  |       |     1 |       ||     1
       Smiting           |       |     1 |       ||     1
  Use: Scroll            |     1 |       |       ||     1
       Potion            |       |       |     1 ||     1
 Stab: Sleeping          |     3 |       |       ||     3
Armor: Robe              |    15 |     3 |       ||    18
       Ring mail         |       |    27 |     4 ||    31
Dodge: Dodged            |    73 |    68 |    19 ||   160

Table legend: (Time is in decaauts)
 A = Elapsed time spent in this place.
 B = Non-inter-level travel time spent in this place.
 C = Inter-level travel time spent in this place.
 D = Time resting spent in this place.
 E = Time spent auto-exploring this place.
 F = Levels seen in this place.
 G = Mean time per level.
                   A        B        C        D        E       F      G
               +--------+--------+--------+--------+--------+-----+--------+
         Total |   4608 |   4518 |     90 |     67 |   2763 |   6 |  768.0 |
       Dungeon |   4388 |   4301 |     87 |     67 |   2675 |   5 |  877.6 |
        Temple |    219 |    216 |      3 |      0 |     88 |   1 |  219.0 |
               +--------+--------+--------+--------+--------+-----+--------+

Top non-repeatable levels by time:
     D:4: 1216 daAuts
     D:1: 1129 daAuts
     D:5: 815 daAuts
     D:2: 759 daAuts
     D:3: 468 daAuts
  Temple: 219 daAuts
